Map: Efflorescence LE

Players

BlackTemplar - Winner!

  • Race: Terran Terran
  • Spawn Location: 12:00

Kratos - Winner!

  • Race: Protoss Protoss
  • League: Platinum
  • Spawn Location: 3:00

qqq

  • Race: Zerg Zerg
  • Spawn Location: 9:00

Massa

  • Race: Terran Terran
  • League: Gold
  • Spawn Location: 6:00

VOD

Have the link to the VOD?

Description

Time

  • Played on: June 27, 2020, 6:03 a.m.
  • Length: 7:25
Show
View Real Time Build Order
Export as new Build Order

BlackTemplar Terran - Winner!

Build Orders:  

Get SALT Encoding   

  12  0:01  SCV  
  13  0:13  SCV  
  14  0:19  Supply Depot  
  14  0:25  SCV  
  15  0:31  Refinery  
  15  0:41  SCV  
  16  0:46  Barracks  
  16  0:53  SCV  
  17  1:18  SCV, Barracks  
  18  1:36  Bunker  
  18  1:37  Marine  
  19  1:55  Marine  
  19  1:59  Orbital Command  
  20  2:04  Supply Depot  
  20  2:10  Barracks Tech Lab  
  20  2:13  Marine  
  21  2:27  SCV  
  22  2:31  Marine  
  22  2:33  Factory  
  22  2:36  Marauder  
  25  2:41  Refinery  
  25  2:43  SCV  
  26  2:52  Supply Depot  
  26  2:55  SCV  
  26  2:57  Marine  
  28  3:01  Marauder  
  28  3:04  Concussive Shells  
  30  3:08  SCV  
  31  3:22  Factory Tech Lab  
  31  3:25  Factory Reactor  
  31  3:32  Factory  
  31  3:34  Marine  
  31  3:35  Marauder  
  31  3:40  Supply Depot  
  34  3:43  SCV  
  35  3:54  Marine  
  36  3:56  Marine  
  37  4:03  Hellion x2  
  37  4:08  Supply Depot  
  41  4:17  Factory Tech Lab  
  41  4:25  Hellion x2  
  45  4:51  Cyclone  
  48  4:53  Hellion x2  
  52  5:02  SCV, Armory  
  53  5:10  Supply Depot  
  55  5:28  Marauder  
  55  5:31  Marine  
  56  5:55  Starport  
  45  6:27  Hellion x2, Siege Tank  
  45  6:30  SCV  
  45  6:32  Medivac  
  52  6:42  SCV  
  52  6:46  Marauder, Marine  
  54  6:57  Hellion  
  52  7:03  Marine  
  56  7:24  Engineering Bay  
Show
View Real Time Build Order
Export as new Build Order

Kratos Protoss - Winner!

Build Orders:  

Get SALT Encoding   

  12  0:01  Probe  
  13  0:13  Probe  
  14  0:18  Pylon  
  14  0:25  Probe  
  15  0:37  Probe  
  15  0:40  Gateway  
  16  0:49  Probe  
  17  1:01  Probe, Assimilator  
  18  1:13  Probe  
  18  1:14  Forge  
  19  1:21  Probe  
  20  1:28  Zealot  
  20  1:29  Probe  
  23  1:43  Gateway  
  23  1:49  Photon Cannon  
  23  1:56  Photon Cannon  
  22  2:05  Cybernetics Core  
  22  2:13  Pylon  
  22  2:30  Assimilator  
  22  2:31  Warp Gate  
  22  2:32  Probe  
  23  2:42  Stalker  
  26  2:44  Probe, Stalker  
  28  2:56  Probe  
  29  3:15  Pylon  
  29  3:41  Gateway  
  29  3:43  Gateway  
  29  3:56  Pylon  
  29  4:05  Stargate  
  29  4:21  Adept x2  
  33  4:40  Adept x2  
  37  5:04  Stalker x4  
  43  5:21  Nexus  
  43  5:22  Pylon  
  43  5:32  Adept x2  
  47  5:41  Stalker x2  
  39  6:11  Stalker x2  
  39  6:12  Stalker x2  
  47  6:23  Oracle  
  45  6:27  Robotics Facility  
  48  6:36  Probe  
  48  6:38  Probe  
  48  6:59  Probe  
  48  7:02  Probe  
  48  7:07  Probe  
Show
View Real Time Build Order
Export as new Build Order

qqq Zerg 

Build Orders: Hatch First 

Get SALT Encoding   

  12  0:03  Drone  
  13  0:33  Hatchery  
  12  0:41  Overlord  
  12  0:46  Drone  
  13  0:50  Drone  
  14  1:09  Spawning Pool  
  13  1:13  Drone  
  14  1:21  Drone x2  
  16  1:43  Drone  
  16  1:46  Drone, Extractor  
  17  2:07  Hatchery  
  16  2:11  Drone  
  16  2:12  Drone x2  
  19  2:20  Overlord  
  19  2:22  Drone  
  20  2:26  Drone  
  21  2:33  Zergling x2  
  21  2:34  Drone  
  21  2:36  Drone  
  24  2:43  Zergling x2  
  25  2:53  Zergling x2  
  26  3:06  Drone x3  
  26  3:09  Lair  
  26  3:12  Drone  
  30  3:15  Extractor, Drone  
  30  3:19  Drone  
  31  3:20  Queen  
  31  3:21  Drone  
  34  3:32  Drone x3  
  36  3:34  Metabolic Boost  
  36  3:41  Drone  
  37  3:47  Zergling x2  
  37  3:48  Drone x2  
  39  3:57  Drone  
  39  3:58  Drone  
  39  3:59  Zergling x2  
  42  4:07  Overlord  
  42  4:09  Overlord x2  
  42  4:35  Zergling x4  
  42  4:36  Drone  
  42  4:37  Drone x5, Hatchery  
  48  4:46  Hatchery  
  45  5:01  Spine Crawler  
  45  5:02  Spine Crawler  
  45  5:06  Spine Crawler  
  42  5:08  Spine Crawler  
  42  5:10  Zergling x6, Hydralisk Den  
  42  5:11  Zergling x6  
  42  5:12  Zergling x6  
  47  5:22  Zergling x2  
  47  5:27  Spine Crawler  
  45  5:28  Drone, Spine Crawler  
  45  5:30  Spine Crawler  
  45  5:33  Zergling x2  
  41  5:43  Hydralisk  
  41  5:44  Queen  
  45  5:51  Lurker Den  
  39  5:58  Hydralisk  
  39  6:00  Hydralisk x3  
  43  6:07  Drone  
  43  6:08  Drone, Spine Crawler  
  44  6:16  Overlord  
  44  6:28  Hydralisk  
  44  6:30  Drone x2  
  44  6:32  Overlord  
  40  6:34  Drone x3  
  40  6:35  Drone x2  
  35  6:48  Lurker x2  
  30  6:55  Hydralisk x3  
  30  6:59  Hydralisk  
  33  7:11  Drone x3  
Show
View Real Time Build Order
Export as new Build Order

Massa Terran 

Build Orders:  

Get SALT Encoding   

  12  0:03  SCV  
  13  0:16  Supply Depot  
  13  0:19  SCV  
  14  0:31  SCV  
  15  0:43  SCV  
  15  0:46  Barracks  
  16  1:03  Supply Depot  
  16  1:22  SCV  
  17  1:34  SCV  
  18  1:45  Marine  
  18  1:46  Supply Depot  
  18  1:47  SCV  
  19  2:03  Marine  
  19  2:07  Command Center  
  20  2:10  SCV  
  22  2:22  SCV  
  22  2:33  Refinery  
  22  2:38  Barracks  
  22  2:41  Refinery, Orbital Command  
  22  2:43  Marine  
  23  3:01  Marine  
  24  3:07  SCV  
  25  3:19  SCV  
  26  3:20  Barracks Tech Lab  
  26  3:29  Engineering Bay  
  26  3:31  SCV  
  26  3:33  Command Center  
  27  3:36  Marine  
  28  3:45  Factory  
  28  3:54  SCV x2  
  30  4:02  Marauder  
  32  4:04  Marine  
  32  4:06  SCV x2  
  35  4:14  Terran Infantry Weapons Level 1  
  35  4:18  Stimpack  
  35  4:23  Barracks Reactor  
  35  4:26  Marauder  
  35  4:28  SCV  
  39  4:31  SCV  
  39  4:40  SCV  
  39  4:43  SCV  
  42  4:52  SCV  
  42  4:56  Orbital Command  
  42  5:02  Widow Mine  
  42  5:05  SCV, Marauder, Marine  
  48  5:08  Marine  
  49  5:17  SCV  
  50  5:22  Marine  
  50  5:24  Widow Mine  
  50  5:26  Marauder, Marine  
  56  5:38  SCV  
  56  5:39  SCV  
  56  5:40  Marine  
  59  5:44  Marine  
  60  5:50  Widow Mine, SCV  
  60  5:54  SCV  
  60  5:56  Marauder  
  60  5:58  Marine  
  60  6:02  SCV  
  50  6:06  Marine  
  46  6:17  Marauder  
  48  6:22  Marine  
  48  6:24  Marine  
  48  6:25  Factory Tech Lab  
  50  6:29  Barracks  
  50  6:32  Barracks  
  50  6:35  SCV  
  50  6:39  Marauder  
  53  6:40  Marine  
  53  6:42  Marine  
  53  6:47  SCV  
  53  6:53  SCV  
  55  6:58  Marine  
  55  6:59  SCV  
  55  7:00  Marauder, Marine  
  60  7:05  SCV, Supply Depot  
Tags
 
Add a new tag
Caveats
  • Supply blocks, unpowered buildings, or Contaminate may cause inaccurate times.
  • Supply counts are checked every 10 seconds.